 Dungeon Crawl Stone Soup version 0.20.1-1-g8b1a95d (webtiles) character file.

3669 Peloso the Carver (level 9, -3/69 HPs)
             Began as a Demonspawn Fighter on Aug 2, 2017.
             Was a High Priest of Okawaru.
             Slain by Grum
             ... wielding a -2 halberd of protection
              (16 damage)
             ... on level 9 of the Dungeon.
             The game lasted 00:22:49 (9085 turns).

Peloso the Carver (Demonspawn Fighter)              Turns: 9085, Time: 00:22:50

Health: -3/69      AC: 17    Str: 27    XL:     9   Next: 89%
Magic:  9/9        EV:  9    Int: 10    God:    Okawaru [*****.]
Gold:   552        SH: 12    Dex: 18    Spells: 8/8 levels left

rFire    . . .     SeeInvis .   a - +0 long sword
rCold    . . .     Gourm    .   c - +0 shield
rNeg     . . .     Faith    .   u - +0 plate armour
rPois    +         Spirit   .   k - +0 helmet
rElec    .         Reflect  .   (no cloak)
rCorr    .         Harm     .   U - +1 pair of gloves
MR       .....                  t - +0 pair of boots (curse)
Stlth    ..........             (no amulet)
Regen    0.3/turn               i - +5 ring of dexterity
MPRegen  0.2/turn               D - ring "Midips" {*Contam rPois Str+8 Slay+3}

@: no status effects
A: repulsion field 1, demonic guardian 2, foul stench 1, rot immunity
a: Heroism, Finesse, Renounce Religion


You were on level 9 of the Dungeon.
You worshipped Okawaru.
Okawaru was extremely pleased with you.
You were not hungry.

You visited 2 branches of the dungeon, and saw 10 of its levels.
You also visited: Ossuary.

You collected 552 gold pieces.

Inventory:

Hand Weapons
 a - a +0 long sword (weapon)
 E - a +4 dagger
 H - a +2 halberd of chopping
Armour
 c - a +0 shield (worn)
 k - a +0 helmet (worn)
 t - a cursed +0 pair of boots (worn)
 u - a +0 plate armour (worn)
 U - a +1 pair of gloves (worn)
Jewellery
 i - a +5 ring of dexterity (left hand)
 C - an uncursed ring of see invisible
 D - the ring "Midips" (right hand) {*Contam rPois Str+8 Slay+3}
   (You found it on level 6 of the Dungeon)

   [ring of slaying]

   It affects your strength (+8).
   It affects your accuracy and damage with ranged weapons and melee attacks
   (+3).
   It protects you from poison.
   It causes magical contamination when unequipped.
Wands
 z - a wand of acid (4/15)
 B - a wand of random effects (30/48)
 Q - a wand of flame (19/48)
 R - a wand of flame (29/48)
 S - a wand of digging (20/24)
 T - a wand of iceblast (9/15)
Scrolls
 e - 2 scrolls of blinking {unknown}
 g - 9 scrolls of teleportation {unknown}
 h - 4 scrolls of recharging {unknown}
 n - 3 scrolls of random uselessness {unknown}
 p - 2 scrolls of fear {unknown}
 q - a scroll of immolation {unknown}
 s - 3 scrolls of remove curse {unknown}
 x - a scroll of amnesia {unknown}
 y - 2 scrolls of enchant weapon {unknown}
 G - 5 scrolls of identify
 M - a scroll of fog {unknown}
 N - a scroll of summoning {unknown}
Potions
 d - 2 potions of might
 j - 2 potions of flight
 l - 2 potions of magic
 o - 3 potions of ambrosia
 r - 3 potions of haste
 w - 5 potions of heal wounds
 F - a potion of brilliance
 I - a potion of mutation {unknown}
 J - 2 potions of cancellation {unknown}
 K - a potion of invisibility {unknown}
 L - 3 potions of curing {unknown}
 O - 2 potions of lignification {unknown}
Books
 A - a book of Misfortune

   Spells                             Type                      Level
   a - Confusing Touch                Hexes                        1
   b - Confuse                        Hexes                        3
   c - Gell's Gravitas                Translocation                3
   d - Petrify                        Transmutation/Earth          4
   e - Metabolic Englaciation         Hexes/Ice                    5
   f - Yara's Violent Unravelling     Hexes/Transmutation          5
 P - a book of Flames

   Spells                             Type                      Level
   a - Flame Tongue                   Conjuration/Fire             1
   b - Throw Flame                    Conjuration/Fire             2
   c - Conjure Flame                  Conjuration/Fire             3
   d - Inner Flame                    Hexes/Fire                   3
   e - Sticky Flame                   Conjuration/Fire             4
   f - Fireball                       Conjuration/Fire             5
Comestibles
 f - 7 bread rations
 m - 5 royal jellies
 v - 5 meat rations


   Skills:
 + Level 5.6 Fighting
 + Level 8.9 Long Blades
 + Level 6.2 Armour
 + Level 2.0 Dodging
 + Level 1.4 Stealth
 + Level 6.5 Shields
 + Level 0.3 Invocations


You had 8 spell levels left.
You didn't know any spells.

Dungeon Overview and Level Annotations

Branches:
Dungeon (9/15)             Temple (1/1) D:4
   Lair: D:8-11         Orc: D:9-12

Altars:
Ashenzari
Cheibriados
Dithmenos
Fedhas
Gozag
Hepliaklqana
Kikubaaqudgha
Makhleb
Nemelex Xobeh
Okawaru
Qazlal
Ru
Sif Muna
Trog
Uskayaw
Xom
Yredelemnul
Zin
The Shining One

Annotations:
D:9 Grum


Innate Abilities, Weirdness & Mutations

You are surrounded by a mild repulsion field. (EV +2)
A demonic guardian rushes to your aid.
You may emit foul miasma when damaged in melee.
You are immune to rotting.


Message History

The crocodile bites you!
* * * LOW HITPOINT WARNING * * *
You block Grum's attack.
You slash the crocodile!
You kill the crocodile!
Okawaru accepts your kill.
Your Dodging skill increases to level 2!
The centaur is engulfed in dark miasma.
The centaur looks even sicker.
The centaur hits you but does no damage.
You block Grum's attack.
The centaur is engulfed in dark miasma.
The centaur looks as sick as possible!
The centaur seems to slow down.
You block the centaur's attack.
Your sixfirhy barely misses the centaur.
Your sixfirhy hits the centaur!
The centaur dies!
Okawaru accepts your kill.
There is an open door here.
There is a stone staircase leading up here.
Grum hits you from afar with a halberd of protection!
You die...

###+###
#.....#
#.....#
#####.....+
.###...#.....#
.....P.......#
.###...#.....#
#####..@..#
#.######..3..#
#.....'..g..#
#######.....#
###'### #.#
##.# #(.# #†##


You could see Grum and a friendly sixfirhy.

Vanquished Creatures
  A spriggan (D:8)
  A yak (D:8)
  A hungry ghost (D:7)
  2 phantoms
  2 centaurs
  A wolf (D:9)
  An ogre (D:7)
  2 crocodiles (D:9)
  4 bullfrogs
  A scorpion (D:8)
  A water moccasin skeleton (D:6)
  3 wights (D:6)
  2 howler monkeys
  2 crimson imps (D:5)
  A quasit (D:8)
  A bullfrog zombie (D:7)
  3 hounds
  2 jellies
  An orc priest (D:7)
  4 orc wizards
  An iguana (D:8)
  6 worker ants
  12 mummies (Ossuary)
  13 gnolls (D:5)
  8 adders
  2 howler monkey skeletons
  2 oozes
  An adder skeleton (D:5)
  3 worms
  A dart slug (D:5)
  6 leopard geckos
  17 orcs
  8 bats
  5 giant cockroaches
  32 goblins
  21 hobgoblins
  9 jackals
  14 kobolds
  5 quokkas
  4 frilled lizards
  A gnoll skeleton (Ossuary)
  5 goblin skeletons (Ossuary)
  A jackal skeleton (D:4)
  A kobold skeleton (Ossuary)
  A leopard gecko skeleton (D:5)
  An orc skeleton (Ossuary)
  A quokka skeleton (D:8)
  A quokka zombie (D:7)
  5 rats
  11 rat skeletons (Ossuary)
234 creatures vanquished.

Vanquished Creatures (collateral kills)
  A hippogriff (D:8)
  Eustachio (D:5)
  3 yaks (D:8)
  A porcupine (D:9)
  An ogre (D:4)
  A wolf (D:9)
  2 centaurs
  A bullfrog (D:6)
  A howler monkey (D:7)
  A wight (D:6)
  A centaur zombie (D:8)
  An orc wizard (D:3)
  A worker ant (D:3)
  A gnoll (D:5)
  An adder (D:6)
  A leopard gecko (D:8)
  5 orcs
  A bat (D:3)
  2 hobgoblins
  2 kobolds (D:3)
  A quokka (D:7)
30 creatures vanquished.

Vanquished Creatures (others)
  2 fungi (D:9)
  A plant (D:9)
3 creatures vanquished.

Grand Total: 267 creatures vanquished

Notes
Turn   | Place    | Note
-------+----------+-------------------------------------------
     0 | D:1      | Peloso the Demonspawn Fighter began the quest for the Orb.
     0 | D:1      | Reached XP level 1. HP: 18/18 MP: 1/1
   108 | D:1      | Reached skill level 2 in Long Blades
   108 | D:1      | Gained mutation: You are surrounded by a mild repulsion field. (EV +2) [demonic ancestry]
   108 | D:1      | Reached XP level 2. HP: 24/24 MP: 2/2
   761 | D:2      | Gained mutation: A weak demonic guardian rushes to your aid. [demonic ancestry]
   761 | D:2      | Reached XP level 3. HP: 29/29 MP: 3/3
  1003 | D:2      | Found a sacrificial altar of Ru.
  1296 | D:2      | Found a glowing golden altar of the Shining One.
  1302 | D:2      | Found a shadowy altar of Dithmenos.
  1307 | D:2      | Found a blossoming altar of Fedhas.
  1308 | D:2      | Found an opulent altar of Gozag.
  1608 | D:3      | Reached XP level 4. HP: 12/35 MP: 4/4
  2294 | D:3      | Reached skill level 3 in Long Blades
  2294 | D:3      | Gained mutation: You are immune to rotting. [demonic ancestry]
  2294 | D:3      | Reached XP level 5. HP: 11/41 MP: 5/5
  2884 | D:3      | Found a glowing silver altar of Zin.
  3175 | D:4      | Found a staircase to the Ecumenical Temple.
  3189 | Temple   | Entered the Ecumenical Temple
  3328 | D:4      | Found an iron altar of Okawaru.
  3343 | D:4      | Became a worshipper of Warmaster Okawaru
  3381 | D:4      | Noticed an ogre
  3390 | D:4      | Killed an ogre
  3390 | D:4      | Reached skill level 1 in Dodging
  3390 | D:4      | Reached XP level 6. HP: 48/48 MP: 6/6
  3685 | D:4      | Reached * piety under Okawaru
  3869 | D:4      | Reached skill level 4 in Long Blades
  4105 | D:5      | Entered Level 5 of the Dungeon
  4234 | D:5      | Noticed Eustachio
  4247 | D:5      | Killed Eustachio
  4313 | D:5      | Gained mutation: You may emit foul miasma when damaged in melee. [demonic ancestry]
  4313 | D:5      | Reached XP level 7. HP: 53/54 MP: 7/7
  4361 | D:5      | Found a hazy altar of Hepliaklqana.
  4982 | D:5      | Reached ** piety under Okawaru
  5799 | D:5      | Found a burning altar of Makhleb.
  5799 | D:5      | Found a shimmering altar of Xom.
  5842 | D:5      | Reached skill level 5 in Long Blades
  6143 | D:6      | Reached skill level 5 in Shields
  6147 | D:6      | Reached XP level 8. HP: 42/61 MP: 8/8
  6385 | D:6      | Reached *** piety under Okawaru
  6496 | D:6      | Got a scintillating pewter ring
  6497 | D:6      | Identified the ring "Midips" {*Contam rPois Str+8 Slay+3} (You found it on level 6 of the Dungeon)
  6579 | D:6      | Reached skill level 6 in Long Blades
  6729 | D:7      | Found a sand-covered staircase.
  6737 | Ossuary  | Entered an ossuary
  6757 | Ossuary  | Reached skill level 5 in Armour
  7060 | D:7      | Reached skill level 1 in Stealth
  7507 | D:7      | Reached skill level 5 in Fighting
  7507 | D:7      | Reached skill level 7 in Long Blades
  7582 | D:7      | Reached **** piety under Okawaru
  8031 | D:7      | Gained mutation: A demonic guardian rushes to your aid. [demonic ancestry]
  8031 | D:7      | Reached XP level 9. HP: 68/68 MP: 6/9
  8298 | D:8      | Reached skill level 8 in Long Blades
  9051 | D:9      | Noticed Grum
  9063 | D:9      | Reached ***** piety under Okawaru
  9085 | D:9      | Slain by Grum

Skill      XL: |  1  2  3  4  5  6  7  8  9 |
---------------+----------------------------+-----
Long Blades    | 2 3 4 5 7 8 |  8.9
Shields        | 3 4 5 6 |  6.5
Armour         | 3 4 5 6 |  6.2
Dodging        | 1 2 |  2.0
Fighting       | 4 5 |  5.6
Stealth        | 1 |  1.4
Invocations    | |  0.3

Action                   |  1- 3 |  4- 6 |  7- 9 || total
-------------------------+-------+-------+-------++-------
Melee: Long sword        |   103 |   205 |   600 ||   908
Invok: Heroism           |       |       |     1 ||     1
  Use: Scroll            |       |       |     6 ||     6
 Stab: Invisible         |       |       |     2 ||     2
       Distracted        |       |       |     1 ||     1
  Eat: Chunk             |     1 |    10 |    15 ||    26
       Royal jelly       |       |       |     2 ||     2
Armor: Scale mail        |    43 |    38 |       ||    81
       Plate armour      |       |    58 |   327 ||   385
Dodge: Dodged            |    36 |    66 |   189 ||   291
Block: Shield            |    67 |   131 |   373 ||   571
       Rpst.: Long sword |    12 |    25 |    64 ||   101
